 Dungeon Crawl Stone Soup version 0.25.0-11-g1f837a76a1 (webtiles) character file.

Game seed: 3373686313940287147

125658 grindst0ne the Unseen (level 16, 0/87 HPs)
             Began as a Spriggan Enchanter on June 27, 2020.
             Was the Champion of Dithmenos.
             Slain by an alligator (8 damage)
             ... on level 2 of the Swamp.
             The game lasted 01:56:18 (37421 turns).

grindst0ne the Unseen (Spriggan Enchanter)         Turns: 37421, Time: 01:56:19

Health: 0/87       AC:  5    Str:  4    XL:     16   Next: 42%
Magic:  35/37      EV: 30    Int: 21    God:    Dithmenos [******]
Gold:   1899       SH:  5    Dex: 19    Spells: 8/21 levels left

rFire    . . .     SeeInvis +   a - +2 dagger (venom)
rCold    . . .     Gourm    .   (shield restricted)
rNeg     . . .     Faith    .   S - +0 troll leather armour
rPois    +         Spirit   .   (helmet restricted)
rElec    .         Reflect  +   T - scarf {+Inv}
rCorr    .         Harm     .   (gloves unavailable)
MR       +++..                  (boots unavailable)
Stlth    ++++++++++             g - amulet of reflection
HPRegen  0.64/turn              s - ring "Jetusch" {rPois MR+}
MPRegen  0.25/turn              Q - ring of magical power

@: about to teleport, wreathed by umbra, studying Invocations, lightly drained,
very quick
A: very small, unfitting armour, see invisible, herbivore, speed 3, slow
metabolism 2
a: Shadow Step, Shadow Form, Renounce Religion, Evoke Invisibility


You were on level 2 of the Swamp.
You worshipped Dithmenos.
Dithmenos was exalted by your worship.
You were not hungry.

You visited 5 branches of the dungeon, and saw 26 of its levels.
You also visited: Gauntlet and Ice Cave.

You collected 2786 gold pieces.
You spent 887 gold pieces at shops.

Inventory:

Hand Weapons
 a - a +2 dagger of venom (weapon)
 b - a +6 quick blade
 Z - the +5 short sword of Yfei {elec, rF++ rN+ Int-2}
   (You bought it in a shop on level 2 of the Orcish Mines)

   Occasionally, upon striking a foe, it will discharge some electrical energy
   and cause terrible harm.
   It affects your intelligence (-2).
   It greatly protects you from fire.
   It protects you from negative energy.
Missiles
 d - 7 boomerangs of dispersal
 L - 70 poisoned darts (quivered)
 U - 5 curare-tipped darts
Armour
 l - a +0 buckler
 p - a +2 cloak
 A - +0 acid dragon scales
 F - +0 swamp dragon scales
 S - a +0 troll leather armour (worn)
 T - a scarf of invisibility (worn)
 X - a +2 robe of resistance
Jewellery
 g - an amulet of reflection (around neck)
 i - an uncursed amulet of magic regeneration
 s - the ring "Jetusch" (left hand) {rPois MR+}
   (You found it in a Gauntlet)

   [ring of poison resistance]

   It protects you from poison.
   It affects your resistance to hostile enchantments.
 C - an uncursed amulet of regeneration
 J - an uncursed ring of positive energy
 N - an uncursed ring of protection from magic
 Q - a ring of magical power (right hand)
 R - an uncursed ring of resist corrosion
Wands
 e - a wand of disintegration (6)
 j - a wand of iceblast (3)
 E - a wand of enslavement (18)
 I - a wand of polymorph (14)
Scrolls
 c - 6 scrolls of teleportation
 h - 11 scrolls of remove curse
 o - 4 scrolls of enchant armour
 t - 3 scrolls of amnesia
 v - 4 scrolls of fear
 y - 3 scrolls of enchant weapon
 z - 3 scrolls of blinking
 D - 5 scrolls of identify
 G - 4 scrolls of fog
 K - 3 scrolls of immolation
 M - a scroll of holy word
 V - 4 scrolls of magic mapping
 Y - a scroll of vulnerability
Potions
 f - 4 potions of curing
 k - 6 potions of flight
 m - 8 potions of haste
 n - 6 potions of stabbing
 u - a potion of cancellation
 w - 2 potions of brilliance
 x - a potion of magic
 B - a potion of berserk rage
 H - 2 potions of might
 O - a potion of resistance
 P - 5 potions of mutation
Books
 q - a manual of Invocations
Miscellaneous
 W - a phantom mirror
Comestibles
 r - 15 rations


   Skills:
 + Level 11.2(11.1) Fighting
 - Level 8.0(7.9) Short Blades
 + Level 9.1(9.0) Armour
 - Level 15.0(14.8) Dodging
 - Level 15.2(15.1) Stealth
 - Level 3.0(2.9) Spellcasting
 - Level 12.0(11.9) Hexes
 + Level 11.6(11.5) Invocations
 + Level 14.7(14.6) Evocations


You had 8 spell levels left.
You knew the following spells:

 Your Spells              Type           Power        Failure   Level  Hunger
a - Corona                Hex            ######.      1%          1    None
b - Ensorcelled Hibernat  Hex/Ice        ####..       2%          2    ##.....
c - Confusing Touch       Hex            ######..     1%          3    ###....
d - Dazzling Flash        Conj/Hex       ####..       5%          3    ###....
e - Cause Fear            Hex            ######....   1%          4    ####...

Your spell library contained the following spells:

 Spells                   Type           Power        Failure   Level  Hunger
 Slow                     Hex            ######..     1%          2    ##.....
 Tukima's Dance           Hex            ######..     1%          3    ###....
 Inner Flame              Hex/Fire       ####....     5%          3    ###....
 Portal Projectile        Hex/Tloc       ####..       5%          3    ###....
 Fulminant Prism          Conj/Hex       ####......   19%         4    ####...
 Leda's Liquefaction      Hex/Erth       ####......   19%         4    ####...
 Magic Dart               Conj           #...         22%         1    None
 Shock                    Conj/Air       #...         22%         1    None
 Corpse Rot               Necr/Air       N/A          32%         2    ##.....
 Searing Ray              Conj           #.....       32%         2    ##.....
 Sublimation of Blood     Necr           #.........   32%         2    ##.....
 Swiftness                Chrm/Air       #.......     32%         2    ##.....
 Silence                  Hex/Air        ####......   45%         5    ######.
 Summon Mana Viper        Hex/Summ       ####....     45%         5    ######.
 Yara's Violent Unravell  Hex/Tmut       ####......   45%         5    ######.
 Recall                   Summ/Tloc      N/A          54%         3    ###....
 Static Discharge         Conj/Air       #.......     54%         3    ###....
 Airstrike                Air            #.........   91%         4    ####...
 Dispel Undead            Necr           #.......     91%         4    ####...
 Iskenderun's Mystic Bla  Conj/Tloc      #.......     91%         4    ####...
 Agony                    Necr           #.......     99%         5    ######.
 Aura of Abjuration       Summ           #.........   99%         5    ######.
 Excruciating Wounds      Chrm/Necr      #.........   99%         5    ######.
 Lightning Bolt           Conj/Air       #.........   99%         5    ######.
 Summon Demon             Summ           #.........   99%         5    ######.
 Summon Forest            Summ/Tloc      #.........   99%         5    ######.
 Shadow Creatures         Summ           N/A          100%        6    #######
 Discord                  Hex            ######....   100%        8    #######
 Ignition                 Fire           #.........   100%        8    #######
 Shatter                  Erth           #.........   100%        9    #######
 Tornado                  Air            #.........   100%        9    #######


Dungeon Overview and Level Annotations

Branches:
Dungeon (15/15)            Temple (0/1) D:7            Lair (6/6) D:8
  Swamp (2/4) Lair:3       Spider (0/4) Lair:2        Slime (0/5) Lair:6
    Orc (2/2) D:12            Elf (1/3) Orc:2        Vaults (0/5) D:14
 Depths (0/5) D:15          IceCv (visited)         Gauntlet (visited)

Altars:
Ashenzari
Dithmenos
Fedhas
Gozag
Okawaru
Ru
Sif Muna
Trog
Xom
Zin
The Shining One
Beogh

Shops:
D:9 }   D:12 *   D:15 [   Orc:1 }   Orc:2 ([}*=

Annotations:
D:3 exclusion: oklob plant
D:10 3 runed translucent doors, Stil's ghost, novice DECj
Lair:4 1 runed translucent door, exclusion: downstairs


Innate Abilities, Weirdness & Mutations

You are very small and have problems with some larger weapons.
You are too small for most types of armour.
You have supernaturally acute eyesight. (SInv)
You are a herbivore.
You cover ground extremely quickly.
You need to consume almost no food.


Message History

Press: ? - help, Shift-Dir - straight line, f/p - alligator
Aim: an alligator (covering ground quickly, umbra, chance to defeat MR: 39%)
The alligator easily resists.
The alligator closely misses you. The alligator tail-slaps you.
You enter the shallow water.
Moving in this stuff is going to be slow.
The alligator completely misses you. x2
The alligator closely misses you.
The alligator tail-slaps you but does no damage.
The alligator completely misses you. The alligator tail-slaps you!
The alligator bites you!! The alligator completely misses you.
The alligator barely misses you. You block the alligator's attack.
The alligator bites you!
* * * LOW HITPOINT WARNING * * *
You emit a cloud of dark smoke.
The alligator misses you.
As you read the scroll of teleportation, it crumbles to dust.
You feel strangely unstable. The alligator bites you!
* * * LOW HITPOINT WARNING * * *
The alligator completely misses you. The alligator bites you!
You die...

≈≈≈≈.}....♣♣♣.≈≈.♣ ♣♣♣♣♣♣♣♣.♣.♣.≈
≈≈≈♣♣≈....♣♣♣≈≈.≈♣ ♣≈..♣♣♣♣♣♣≈...
≈≈≈..≈.≈≈≈.♣♣..≈♣♣♣♣........D♣≈≈≈
≈≈≈≈♣≈.≈≈≈..§♣≈≈♣♣♣≈≈≈≈≈≈≈♣.≈♣...
≈≈≈.♣.≈≈≈≈...♣♣♣♣♣≈≈≈≈≈...≈......
≈.....≈≈≈≈≈...♣♣♣≈..≈D..≈....§≈.≈
≈≈..≈≈≈≈≈≈≈.§§.≈≈♣≈.≈...≈♣♣...≈..
≈≈.≈≈≈≈≈≈≈≈.≈≈≈♣♣t.D♣≈...≈......≈
≈≈..≈≈≈≈≈≈≈≈..♣≈@t≈..§...♣♣≈♣♣.≈≈
≈≈≈≈≈≈≈..≈≈≈≈..§§§≈≈....♣♣♣♣♣...≈
♣♣≈♣.....≈≈≈≈..≈≈≈≈≈≈≈≈♣♣ ♣≈♣..
♣..≈..≈≈.≈≈≈≈≈..≈≈≈≈.≈♣♣ .≈♣§.♣
.........≈≈≈≈...≈≈≈≈.♣♣ §... ♣♣♣
...≈≈≈≈..≈§≈...>≈≈≈≈≈♣ %..♣..
≈♣.≈≈≈≈≈≈.....♣≈...≈≈♣ ♣: .≈
♣♣≈.≈≈≈≈≈≈..♣♣♣♣♣≈...♣ . $..
♣♣♣...≈≈≈..♣≈♣♣♣♣♣..≈♣ ♣.=


You could see 2 alligators and 2 swamp dragons.

Vanquished Creatures
  Rupert (Lair:5)
  A thorn hunter (Swamp:1)
  A fire giant (D:15)
  An orc warlord (Orc:2)
  Nessos (Lair:5)
  The ghost of Apogee the Grappler, a journeyman TrWr of Makhleb (Lair:2)
  Josephine (D:13)
  A fire dragon (Swamp:2)
  4 vault guards (D:14)
  Erolcha (D:13)
  A rakshasa (D:15)
  12 hydras
  4 centaur warriors
  4 catoblepae
  8 alligators
  An ogre mage (D:14)
  13 death yaks
  3 orc high priests
  9 two-headed ogres
  2 deep elf knights (Elf:1)
  Sonja (Orc:1)
  2 spriggans (Swamp:2)
  A fire crab (Lair:2)
  2 deep elf archers (Elf:1)
  2 unseen horrors (D:12)
  3 swamp dragons
  2 lindwurms (Swamp:2)
  6 orc knights
  9 deep elf magi
  5 orc sorcerers (Orc:2)
  12 ugly things
  A wolf spider zombie (D:13)
  5 cyclopes
  3 manticores
  11 elephants
  3 centaur zombies
  3 black mambas
  5 spiny frogs
  3 gargoyles
  Maggie (D:7)
  2 rime drakes
  4 freezing wraiths
  2 kobold demonologists
  8 komodo dragons
  The ghost of Sedillia the Ruffian, an amateur TrAs of Ashenzari (D:5)
  4 polar bears
  5 tyrant leeches
  A meliai (shapeshifter) (D:13)
  9 trolls
  3 bog bodies
  9 hornets
  7 slime creatures
  A slime creature (shapeshifter) (Elf:1)
  9 blink frogs
  15 hippogriffs
  12 dream sheep
  A spectral black mamba (Lair:2)
  A redback (Lair:2)
  3 wraiths (D:13)
  A vampire (D:12)
  3 wyverns
  5 shadows
  A hungry ghost (D:15)
  2 fire bats (Gauntlet)
  A fire elemental (Elf:1)
  40 yaks
  2 basilisks
  A basilisk (shapeshifter) (D:15)
  22 vampire mosquitoes
  2 soldier ants
  9 swamp worms
  2 hell hounds (Gauntlet)
  2 acid dragons
  12 water moccasins
  7 porcupines
  A floating eye (Gauntlet)
  2 swamp drakes (Swamp:1)
  2 phantoms
  4 ice beasts
  6 sky beasts
  4 black bears
  36 orc warriors
  3 necrophages
  A black mamba simulacrum (Lair:2)
  4 wolves (IceCv)
  12 ogres
  5 centaurs
  9 crocodiles
  3 big kobolds
  18 bullfrogs
  2 wyvern zombies
  2 wyvern skeletons (D:9)
  3 scorpions
  A water moccasin skeleton (D:6)
  5 killer bees (D:11)
  5 wights
  2 dream sheep simulacra (Lair:2)
  An electric eel (Lair:1)
  7 howler monkeys
  11 crimson imps
  5 bullfrog zombies
  3 bullfrog skeletons
  2 hounds
  2 jellies
  2 quasits
  21 orc priests
  26 orc wizards
  2 centaur skeletons
  7 iguanas
  6 worker ants
  2 killer bee zombies
  A hound skeleton (D:9)
  3 worker ant zombies
  2 howler monkey skeletons
  12 adders
  6 shadow imps
  3 adder skeletons
  An adder zombie (D:8)
  5 worms
  2 dart slugs
  5 leopard geckos
  81 orcs
  8 giant cockroaches
  12 goblins
  7 hobgoblins
  6 jackals
  5 quokkas
  A ball python (D:2)
  8 bats
  9 frilled lizards
  A jackal skeleton (D:5)
  20 kobolds
  6 rats
790 creatures vanquished.

Vanquished Creatures (collateral kills)
  A spriggan (Swamp:2)
  A fire bat (Gauntlet)
2 creatures vanquished.

Vanquished Creatures (others)
  A hell hog (Gauntlet)
  A yak (IceCv)
  A hell hound (Gauntlet)
  An orc warrior (D:13)
  3 wolves (IceCv)
  4 orc priests (D:13)
  2 orc wizards (Orc:2)
  3 orcs
  6 demonic plants (Gauntlet)
  23 fungi
  21 plants
66 creatures vanquished.

Grand Total: 858 creatures vanquished

Notes
Turn   | Place    | Note
-------+----------+-------------------------------------------
     0 | D:1      | grindst0ne the Spriggan Enchanter began the quest for the
                  | Orb.
     0 | D:1      | Reached XP level 1. HP: 9/9 MP: 5/5
   636 | D:1      | Reached XP level 2. HP: 6/13 MP: 4/6
   668 | D:1      | Learned a level 2 spell: Ensorcelled Hibernation
  1316 | D:1      | Reached skill level 5 in Stealth
  1742 | D:1      | Reached XP level 3. HP: 16/16 MP: 5/8
  2849 | D:2      | Reached XP level 4. HP: 21/21 MP: 6/9
  2851 | D:2      | Found an iron altar of Okawaru.
  2855 | D:2      | Found a shadowy altar of Dithmenos.
  2865 | D:2      | Became a worshipper of Dithmenos the Shadowed
  2886 | D:2      | Found a shimmering blue altar of Sif Muna.
  3521 | D:3      | Reached * piety under Dithmenos
  3530 | D:3      | Reached XP level 5. HP: 24/24 MP: 10/10
  3542 | D:3      | Found a glowing silver altar of Zin.
  3695 | D:3      | Found a blossoming altar of Fedhas.
  3706 | D:3      | Noticed an oklob plant
  3822 | D:4      | Reached skill level 5 in Dodging
  3822 | D:4      | Reached skill level 5 in Hexes
  3940 | D:4      | Reached skill level 1 in Invocations
  4143 | D:4      | Reached XP level 6. HP: 28/28 MP: 9/11
  4301 | D:4      | Learned a level 3 spell: Confusing Touch
  4305 | D:4      | Learned a level 3 spell: Dazzling Flash
  4442 | D:4      | Found a shattered altar of Ashenzari.
  4619 | D:4      | Reached XP level 7. HP: 31/32 MP: 12/12
  5128 | D:5      | Entered Level 5 of the Dungeon
  5555 | D:5      | Reached ** piety under Dithmenos
  5616 | D:5      | Found a runed translucent gate.
  5616 | D:5      | Found a runed translucent gate.
  5616 | D:5      | Found a runed translucent gate.
  5626 | D:5      | Noticed Sedillia's ghost (amateur TrAs)
  5874 | D:5      | Killed Sedillia's ghost
  5874 | D:5      | Reached XP level 8. HP: 25/36 MP: 13/13
  6810 | D:6      | Found a bloodstained altar of Trog.
  7236 | D:7      | Noticed Maggie
  7243 | D:7      | Killed Maggie
  7243 | D:7      | Reached skill level 10 in Stealth
  7688 | D:7      | Found a staircase to the Ecumenical Temple.
  7884 | D:8      | Reached skill level 5 in Invocations
  7972 | D:8      | Found a staircase to the Lair.
  7972 | D:8      | Noticed an elephant
  7992 | D:8      | Noticed a death yak
  8029 | D:8      | Found an opulent altar of Gozag.
  8039 | D:8      | Reached *** piety under Dithmenos
  8039 | D:8      | Reached XP level 9. HP: 39/39 MP: 14/14
  8397 | D:8      | Noticed a troll
  8461 | D:8      | Killed a troll
  8580 | D:8      | Reached skill level 10 in Dodging
  8942 | D:8      | Noticed a deep elf mage
  8945 | D:8      | Killed a deep elf mage
  9043 | D:8      | Killed an elephant
  9043 | D:8      | Reached XP level 10. HP: 25/44 MP: 15/15
  9534 | Lair:1   | Entered Level 1 of the Lair of Beasts
  9554 | Lair:1   | Noticed a spiny frog
  9561 | Lair:1   | Killed a spiny frog
  9574 | Lair:1   | Noticed a spiny frog
  9579 | Lair:1   | Killed a spiny frog
  9579 | Lair:1   | Reached **** piety under Dithmenos
  9704 | Lair:1   | Reached skill level 10 in Hexes
  9751 | Lair:1   | Noticed a five-headed hydra
  9795 | Lair:1   | Killed a five-headed hydra
 10179 | Lair:2   | Noticed an elephant
 10179 | Lair:2   | Noticed an elephant
 10184 | Lair:2   | Noticed an elephant
 10184 | Lair:2   | Noticed an elephant
 10189 | Lair:2   | Noticed an elephant
 10191 | Lair:2   | Killed an elephant
 10323 | Lair:1   | Killed an elephant
 10323 | Lair:1   | Reached XP level 11. HP: 26/47 MP: 17/17
 10567 | Lair:2   | Found a hole to the Spider Nest.
 10775 | Lair:2   | Found a runed translucent gate.
 10776 | Lair:2   | Found a runed translucent gate.
 10778 | Lair:2   | Found a runed translucent gate.
 10779 | Lair:2   | Noticed Apogee's ghost (journeyman TrWr)
 10788 | Lair:2   | Noticed a fire crab
 10795 | Lair:2   | Killed a fire crab
 10795 | Lair:2   | Reached skill level 1 in Fighting
 12346 | Lair:2   | Killed Apogee's ghost
 13097 | Lair:3   | Found a staircase to the Swamp.
 13535 | Lair:4   | Noticed a death yak
 13535 | Lair:4   | Noticed a death yak
 13535 | Lair:4   | Noticed a death yak
 13535 | Lair:4   | Noticed a death yak
 13535 | Lair:4   | Noticed a death yak
 13537 | Lair:4   | Killed a death yak
 13537 | Lair:4   | Reached XP level 12. HP: 56/56 MP: 19/19
 13564 | Lair:4   | Noticed a catoblepas
 13572 | Lair:4   | Killed a catoblepas
 13647 | Lair:4   | Found a runed translucent door.
 13706 | Lair:4   | Killed a death yak
 13711 | Lair:4   | Killed a death yak
 13711 | Lair:4   | Reached ***** piety under Dithmenos
 13711 | Lair:4   | Reached skill level 15 in Stealth
 13990 | Lair:4   | Killed a death yak
 13996 | Lair:4   | Killed a death yak
 14282 | Lair:4   | You fall into a shaft and drop 1 floor!
 14528 | Lair:5   | Reached skill level 1 in Evocations
 14592 | Lair:5   | Noticed a five-headed hydra
 14604 | Lair:5   | Noticed Nessos
 14902 | Lair:5   | Noticed Rupert
 14966 | Lair:5   | Noticed a six-headed hydra
 15208 | Lair:5   | Killed a five-headed hydra
 15425 | Lair:5   | Reached skill level 10 in Invocations
 15541 | Lair:5   | Reached skill level 5 in Fighting
 15788 | Lair:5   | Killed Nessos
 15999 | Lair:5   | Noticed a five-headed hydra
 16020 | Lair:5   | Noticed a death yak
 16048 | Lair:5   | Killed Rupert
 16048 | Lair:5   | Reached skill level 1 in Armour
 16048 | Lair:5   | Reached skill level 15 in Dodging
 16048 | Lair:5   | Reached skill level 5 in Evocations
 16048 | Lair:5   | Reached XP level 13. HP: 64/64 MP: 21/21
 16822 | Lair:6   | Entered Level 6 of the Lair of Beasts
 16822 | Lair:6   | Found a frozen archway.
 16832 | IceCv    | Entered an ice cave
 17603 | Lair:6   | Found a staircase to the Slime Pits.
 17941 | Lair:6   | Identified a scroll of acquirement
 20487 | Lair:6   | Reached skill level 5 in Short Blades
 21885 | D:9      | Found a shimmering altar of Xom.
 22130 | D:9      | Found Podop's Gadget Shoppe.
 22192 | D:9      | Reached XP level 14. HP: 72/72 MP: 22/22
 22505 | D:10     | Entered Level 10 of the Dungeon
 22673 | D:10     | Found a shattered altar of Ashenzari.
 23045 | D:10     | Reached skill level 5 in Armour
 23118 | D:10     | Found a runed translucent gate.
 23119 | D:10     | Found a runed translucent gate.
 23120 | D:10     | Found a runed translucent gate.
 23758 | D:10     | Found a runed translucent gate.
 23758 | D:10     | Found a runed translucent gate.
 23761 | D:10     | Found a runed translucent gate.
 23765 | D:10     | Noticed Stil's ghost (novice DECj)
 23839 | D:11     | Found a gate leading to a gauntlet.
 23846 | Gauntlet | Entered a Gauntlet
 23846 | Gauntlet | Found a transporter.
 23846 | Gauntlet | Found a transporter.
 23846 | Gauntlet | Found a transporter.
 23857 | Gauntlet | Found a transporter.
 23859 | Gauntlet | Found a transporter.
 23867 | Gauntlet | Found a transporter.
 23870 | Gauntlet | Found a transporter.
 23878 | Gauntlet | Found a transporter.
 23896 | Gauntlet | Found a transporter.
 23902 | Gauntlet | Found a transporter.
 23904 | Gauntlet | Found a transporter.
 23914 | Gauntlet | Found a transporter.
 24077 | Gauntlet | Got a scintillating jade ring
 24080 | Gauntlet | Paralysed by a floating eye for 3 turns
 24094 | Gauntlet | Identified the ring "Jetusch" {rPois MR+} (You found it in
                  | a Gauntlet)
 25046 | D:11     | Got a polished quarterstaff
 25047 | D:11     | Identified the cursed +1 quarterstaff of Gozag's Outrage
                  | {antimagic, rPois SInv} (You found it on level 11 of the
                  | Dungeon)
 25713 | D:12     | Found Annom's Mass Market.
 25933 | D:12     | Reached skill level 10 in Evocations
 25977 | D:12     | Found a staircase to the Orcish Mines.
 26564 | D:13     | Noticed Erolcha
 26605 | D:13     | Killed Erolcha
 26729 | D:13     | Noticed Josephine
 26735 | D:13     | Killed Josephine
 27658 | D:14     | Found a gate to the Vaults.
 27726 | D:14     | Reached XP level 15. HP: 77/79 MP: 24/24
 28556 | D:14     | Reached ****** piety under Dithmenos
 29475 | D:15     | Entered Level 15 of the Dungeon
 29540 | D:15     | Found a glowing golden altar of the Shining One.
 29669 | D:15     | Found Goupt's Armour Boutique.
 29952 | D:15     | Found a sacrificial altar of Ru.
 29993 | D:15     | Found a staircase to the Depths.
 29999 | D:15     | Noticed a fire giant
 30057 | D:15     | Killed a fire giant
 30057 | D:15     | Reached skill level 10 in Fighting
 30675 | Orc:1    | Entered Level 1 of the Orcish Mines
 30681 | Orc:1    | Learned a level 4 spell: Cause Fear
 30818 | Orc:1    | Found Gist's Gadget Boutique.
 31143 | Orc:1    | Noticed Sonja
 31148 | Orc:1    | Killed Sonja
 31230 | Orc:2    | Entered Level 2 of the Orcish Mines
 31350 | Orc:2    | Found a roughly hewn altar of Beogh.
 31541 | Orc:2    | Noticed an orc warlord
 31553 | Orc:2    | Killed an orc warlord
 31789 | Orc:2    | Found a staircase to the Elven Halls.
 32665 | Orc:2    | Found Ruschinal's Antique Armour Emporium.
 32665 | Orc:2    | Found Xuedev's Antique Weapon Shoppe.
 32865 | Orc:2    | Found Zuagh's General Store.
 32865 | Orc:2    | Found Ostre's Jewellery Emporium.
 32871 | Orc:2    | Bought a distressingly furry robe for 193 gold pieces
 32881 | Orc:2    | Identified the cursed +1 robe "Barch" {Harm rC++ MR- rCorr}
                  | (You bought it in a shop on level 2 of the Orcish Mines)
 32893 | Orc:2    | Bought a brightly glowing short sword for 224 gold pieces
 32893 | Orc:2    | Identified the +5 short sword of Yfei {elec, rF++ rN+
                  | Int-2} (You bought it in a shop on level 2 of the Orcish
                  | Mines)
 32906 | Orc:2    | Bought a potion of stabbing for 52 gold pieces
 32906 | Orc:2    | Bought a scroll of enchant weapon for 97 gold pieces
 32906 | Orc:2    | Bought a potion of berserk rage for 65 gold pieces
 32906 | Orc:2    | Bought a potion of haste for 130 gold pieces
 33042 | Orc:2    | Found Feokh's Gadget Emporium.
 33053 | Orc:2    | Bought a wand of iceblast (5) for 126 gold pieces
 33735 | Elf:1    | Entered Level 1 of the Elven Halls
 34459 | Swamp:1  | Entered Level 1 of the Swamp
 34639 | Swamp:1  | Reached XP level 16. HP: 72/86 MP: 27/27
 35018 | Swamp:1  | You fall into a shaft and drop 1 floor!
 35052 | Swamp:1  | Noticed a thorn hunter
 35393 | Swamp:1  | Killed a thorn hunter
 37421 | Swamp:2  | Slain by an alligator

Illustrated notes

Levels and vault maps discovered:
D:1:      doesnt_arrival_eight_statues, layout_basic, st_stairs_13,
          serial_bayou_ford_a
D:2:      layout_loops_cross, minmay_overflow_temple_star_quad,
          minmay_misc_feat_nine_boxes, minmay_pentomino_w4
D:3:      layout_loops_ring, zin_statuary, tgw_fedhas, st_stairs_9
D:4:      minmay_opposing_rooms, layout_loops_ring, kennysheep_little_box,
          first_ration
D:5:      layout_gridville, gammafunk_ghost_necromancy, minmay_lizard_king
D:6:      layout_layer_cave, marbit_many_paths
D:7:      layout_gridville, minmay_temple_entry_hall, uniq_maggie
D:8:      layout_gridville, nicolae_gozag_seed_capital, david_lair_generic
D:9:      layout_roguey, serial_shops, nicolae_shop_waterfront,
          hangedman_pestilent_swarm, brannock_xom_greatest_gift
D:10:     layout_loops_cross, ploomutoo_gammafunk_ghost_potion_laboratory,
          nicolae_ashenzari_panopticon
D:11:     layout_long_grid, gauntlet_entry_generic
D:12:     layout_rooms, orc_0_dummy, minmay_misc_feat_plants, minmay_shop_mass,
          st_stairs_14
D:13:     layout_loops_cross, lemuel_flamethrower_2, uniq_josephine,
          uniq_erolcha
D:14:     layout_stronghold, lightli_vaults_fourway_checkpoint
D:15:     grunt_enter_depths_giant_problem, layout_small_grid, serial_shops,
          shop, lemuel_altar_in_water, nicolae_ru_sacrificial_ziggurat
Lair:1:   layout_misc_corridors, grunt_megastairs_5, lemuel_fruit_tree,
          serial_bayou_shore_b, infiniplex_staircase_pool
Lair:2:   layout_small_grid, spider_nest_entry_rubble,
          gammafunk_ghost_necromancy, nicolae_quartered_pool_medium
Lair:3:   layout_regular_city, minmay_swamp_entry_worms, minivault_26
Lair:4:   layout_long_grid, pf_torpor_hydra, serial_bayou_shore_b
Lair:5:   layout_gridlike, minmay_shattered_shrine, uniq_rupert, uniq_nessos
Lair:6:   evilmike_catoblepas_cave, layout_layer_cave, slime_dummy,
          enter_volcano_1, portal_ice_cave_entry_pillars_2
Swamp:1:  layout_basic_swamp, serial_swamp_ruin, evilmike_swamp_ruin_house_6,
          evilmike_swamp_ruin_house_2, swamp_pool1
Swamp:2:  layout_basic_swamp, evilmike_swamp_ruin_house_4, swamp_pool2,
          hangedman_swamp_double_dragon
Orc:1:    layout_caves, serial_shops, shop_statue, uniq_sonja
Orc:2:    st_orc_congregation, layout_caves, serial_shops, shop, basic_altar,
          minmay_orc_barracks
Elf:1:    layout_geoelf_octagon, basic_altar, minmay_elf_necromancy,
          nooodl_food_tri

Skill      XL: |  1  2  3  4  5  6  7  8  9 10 11 12 13 14 15 16 |
---------------+-------------------------------------------------+-----
Hexes          | 4 5 7 8 9 10 11 12 | 12.0
Stealth        | 5 6 7 9 10 11 13 14 15 | 15.2
Dodging        | 4 5 6 7 9 10 12 13 15 | 15.0
Spellcasting   | 3 |  3.0
Invocations    | 1 2 4 5 6 7 9 10 11 | 11.6
Short Blades   | 4 6 8 |  8.0
Fighting       | 3 5 7 9 10 11 | 11.2
Evocations     | 5 9 11 14 | 14.7
Armour         | 1 4 6 8 9 |  9.1

Action                   |  1- 3 |  4- 6 |  7- 9 | 10-12 | 13-15 | 16-18 || total
-------------------------+-------+-------+-------+-------+-------+-------++-------
Melee: Dagger            |   164 |   118 |   252 |   212 |  1407 |   142 ||  2295
       Quick blade       |       |       |       |       |   112 |    17 ||   129
Throw: Dart              |       |       |       |     5 |    16 |       ||    21
       Boomerang         |       |       |       |     1 |       |       ||     1
 Cast: Corona            |    11 |       |       |       |     2 |       ||    13
       Ensorcelled Hiber |    26 |    44 |    72 |   183 |   458 |    69 ||   852
       Confusing Touch   |       |       |    14 |    11 |    71 |    19 ||   115
       Dazzling Flash    |       |       |       |     4 |    42 |       ||    46
Invok: Shadow Step       |       |       |       |       |     5 |       ||     5
       Shadow Form       |       |       |       |       |     3 |     1 ||     4
 Abil: End Transformatio |       |       |       |       |     2 |       ||     2
       Evoke Invisibilit |       |       |       |       |       |     1 ||     1
Evoke: Wand              |       |       |       |    33 |     7 |    10 ||    50
       Phantom mirror    |       |       |       |       |     2 |       ||     2
  Use: Scroll            |       |     9 |     6 |     6 |    17 |     5 ||    43
       Potion            |       |       |       |     6 |    17 |     4 ||    27
 Stab: Sleeping          |    22 |    33 |    48 |    85 |   310 |    36 ||   534
       Distracted        |       |     1 |       |     2 |     1 |     1 ||     5
       Confused          |       |       |    19 |    12 |    61 |    13 ||   105
       Paralysed         |       |       |       |     1 |       |       ||     1
       Invisible         |       |       |       |       |    15 |       ||    15
  Eat: Ration            |       |     2 |     5 |     8 |    24 |     5 ||    44
Armor: Robe              |    32 |    18 |    20 |    10 |    14 |       ||    94
       Troll leather arm |       |       |       |       |    65 |    13 ||    78
Dodge: Dodged            |   191 |   104 |   228 |   224 |  1395 |   210 ||  2352
Block: Other             |       |       |       |       |   121 |    41 ||   162
       Reflection        |       |       |       |       |     7 |     1 ||     8
